 Dungeon Crawl Stone Soup version 0.28.0-47-ge53b351184 (webtiles) character file.

Game seed: 18125646767367888382

271 Peloso the Skirmisher (level 6, -5/56 HPs)
             Began as a Minotaur Fighter on Apr 25, 2022.
             Killed by nerve-wracking pain
             ... invoked by Menkaure
              (12 damage)
             ... on level 4 of the Dungeon.
             The game lasted 00:04:29 (2744 turns).

Peloso the Skirmisher (Minotaur Fighter)            Turns: 2744, Time: 00:04:30

Health: -5/56      AC:  9    Str: 20    XL:     6   Next: 2%
Magic:  5/5        EV:  7    Int:  5    God:
Gold:   204        SH:  5    Dex: 12    Spells: 5/5 levels left

rFire   . . .      SeeInvis .   a - +0 long sword
rCold   . . .      Faith    .   c - +0 buckler
rNeg    . . .      Spirit   .   h - +0 chain mail
rPois   .          Reflect  .   (helmet restricted)
rElec   .          Harm     .   (no cloak)
rCorr   .          Rampage  .   (no gloves)
Will    .....                   (no boots)
Stlth   ..........              (no amulet)
HPRegen 0.18/turn               (no ring)
MPRegen 0.09/turn               (no ring)

@: no status effects
A: horns 2, retaliatory headbutt
a: no special abilities


You were on level 4 of the Dungeon.
You visited 1 branch of the dungeon, and saw 4 of its levels.

You collected 204 gold pieces.

Inventory:

Hand Weapons
 a - a +0 long sword (weapon)
Armour
 b - a +0 scale mail
 c - a +0 buckler (worn)
 h - a +0 chain mail (worn)
Jewellery
 l - an amulet of magic regeneration
Scrolls
 e - a scroll of teleportation
 g - 3 scrolls of magic mapping
 j - a scroll of enchant armour {unknown}
 k - 2 scrolls of identify {unknown}
 m - a scroll of fear {unknown}
Potions
 d - a potion of might
 f - 3 potions of curing
 i - a potion of ambrosia {unknown}
 n - 2 potions of flight {unknown}


   Skills:
 + Level 5.1 Fighting
 + Level 4.5 Long Blades
 + Level 5.0 Armour
 + Level 1.1 Dodging
 + Level 4.6 Shields


You had 5 spell levels left.
You didn't know any spells.
Your spell library contained the following spells:

 Spells                   Type           Power      Damage    Failure   Level
 Gell's Gravitas          Tloc           0%         N/A       100%        3
 Teleport Other           Tloc           0%         N/A       100%        3
 Cause Fear               Hex            0%         N/A       100%        4
 Dispersal                Tloc           0%         N/A       100%        6
 Dragon Form              Tmut           0%         N/A       100%        7
 Dragon's Call            Summ           0%         N/A       100%        9


Dungeon Overview and Level Annotations

Branches:
Dungeon (4/15)
 Temple: D:4-7

Altars:

Shops:
D:2 ?

Annotations:
D:4 1 transporter, 101zpm's ghost, amateur GnAE; Menkaure


Innate Abilities, Weirdness & Mutations

You have a pair of horns on your head.
You reflexively headbutt those who attack you in melee.


Message History

There is an open door here.
Menkaure, Prince of Dust comes into view.
Menkaure shouts!
A hobgoblin comes into view.
Found a glowing red potion.
Menkaure gestures wildly while chanting.
Menkaure seems to speed up.
You hear the slow rusting of a very distant drain.
The hobgoblin hits you but does no damage.
You hit Menkaure.
You headbutt Menkaure, but do no damage.
Menkaure is moderately damaged.
Menkaure sighs a few words.
Menkaure barely misses you.
The hobgoblin hits you but does no damage.
You block Menkaure's attack.
You barely miss Menkaure.
You headbutt Menkaure, but do no damage.
Menkaure is moderately damaged.
The hobgoblin hits you but does no damage.
Menkaure giggles, "These cerements are ticklish..."
Menkaure barely misses you. The hobgoblin hits you.
Unknown command.
You slash Menkaure!
Menkaure is heavily damaged.
Menkaure hits you but does no damage. The hobgoblin barely misses you.
Menkaure hits you!!
You completely miss Menkaure. You headbutt Menkaure.
Menkaure is severely damaged.
The hobgoblin hits you but does no damage.
Menkaure hits you!
You completely miss Menkaure.
Menkaure is severely damaged.
Menkaure gestures at you while chanting.
Pain shoots through your body!
* * * LOW HITPOINT WARNING * * *
The hobgoblin hits you but does no damage.
Menkaure casts a spell at you. Pain shoots through your body!
You die...

#.......#....#
.#..
#.......#..##.
....
#.......#©.
..©..##
#......##.#
...#... ###
###'##.# .
#=..##
#..!###.# .##
..
+...'...##..###
#..
#...##..g.....#
## ##
#.@M...... .
+.......## ..
#.......# ...
#.......# ...
#.......#
#.......#
#.......#
#####+###


You could see Menkaure (fast) and a hobgoblin.

Vanquished Creatures
  A scorpion (D:4)
  A jelly (D:3)
  Jessica (D:2)
  3 gnolls (D:3)
  5 adders
  A worm (D:3)
  4 dart slugs
  An orc (D:3)
  2 endoplasms (D:3)
  5 giant cockroaches
  8 goblins
  5 hobgoblins
  6 kobolds
  7 quokkas
  6 ball pythons
  14 bats
  6 frilled lizards
  4 rats
80 creatures vanquished.

Notes
Turn   | Place    | Note
-------+----------+-------------------------------------------
     0 | D:1      | Peloso the Minotaur Fighter began the quest for the Orb.
     0 | D:1      | Reached XP level 1. HP: 19/19 MP: 0/0
   100 | D:1      | Found a faded altar of an unknown god.
   164 | D:1      | You fall into a shaft and drop 1 floor!
   175 | D:2      | Found Lamurin's Magic Scroll Shoppe.
   197 | D:2      | Reached XP level 2. HP: 27/27 MP: 1/1
   526 | D:2      | Noticed Jessica
   529 | D:2      | Killed Jessica
   530 | D:2      | Reached XP level 3. HP: 34/34 MP: 2/2
   730 | D:2      | Reached XP level 4. HP: 37/41 MP: 3/3
  1550 | D:1      | Noticed an ogre
  1550 | D:1      | Noticed an ogre
  1550 | D:1      | Noticed an ogre
  1551 | D:1      | Noticed an ogre
  1872 | D:3      | Reached skill level 1 in Dodging
  1872 | D:3      | Reached XP level 5. HP: 37/47 MP: 4/4
  2534 | D:3      | Reached skill level 5 in Armour
  2695 | D:4      | Noticed 101zpm's ghost (amateur GnAE)
  2710 | D:4      | Found a transporter.
  2723 | D:4      | Reached skill level 5 in Fighting
  2723 | D:4      | Reached XP level 6. HP: 54/56 MP: 5/5
  2736 | D:4      | Noticed Menkaure
  2744 | D:4      | Killed from afar by Menkaure

Illustrated notes

Levels and vault maps discovered:
D:1:      erik_arrival_cave_to_civilisation [erik_arrival_cave_to_temple],
          layout_basic, ebering_ecumenical_altar_sacrificial
D:2:      layout_loops_ring, serial_shops, shop, uniq_jessica
D:3:      minmay_bubble_buster, layout_loops_ring, kennysheep_generic_room_5
D:4:      layout_basic, cheibrodos_sewer_entry_drain,
          gammafunk_ghost_stat_death, uniq_menkaure

Skill      XL: |  1  2  3  4  5 |
---------------+----------------+-----
Fighting       | 4 5 |  5.1
Armour         | 4 5 |  5.0
Long Blades    | 3 4 |  4.5
Shields        | 4 |  4.6
Dodging        | 1 |  1.1

Action                   |  1- 3 |  4- 6 || total
-------------------------+-------+-------++-------
Melee: Long sword        |    45 |   125 ||   170
       Headbutt          |     6 |    19 ||    25
  Use: Potion            |       |     1 ||     1
       Scroll            |       |     3 ||     3
Armor: Scale mail        |    31 |       ||    31
       Chain mail        |     2 |    68 ||    70
Dodge: Dodged            |    29 |    53 ||    82
Block: Buckler           |     9 |    31 ||    40
